 Dungeon Crawl Stone Soup version 0.26-a0-597-gb535b0901c (webtiles) character file.

Game seed: 11598185108279207853

7 Brandom the Sneak (level 1, -2/20 HPs)
             Began as a Palentonga Delver on Sept 10, 2020.
             Was an Initiate of Fedhas.
             Slain by a river rat (8 damage)
             ... on level 5 of the Dungeon.
             The game lasted 00:00:48 (108 turns).

Brandom the Sneak (Palentonga Delver)                Turns: 108, Time: 00:00:49

Health: -2/20      AC:  4    Str: 15    XL:     1   Next: 91%
Magic:  1/1        EV:  9    Int: 10    God:    Fedhas [......]
Gold:   0          SH:  0    Dex: 11    Spells: 0/0 levels left

rFire    . . .     SeeInvis +   a - +0 mace
rCold    . . .     Faith    .   (no shield)
rNeg     . . .     Spirit   .   b - +0 leather armour
rPois    .         Reflect  .   (no helmet)
rElec    .         Harm     .   (no cloak)
rCorr    .                      (no gloves)
MR       .....                  (no barding)
Stlth    ++........             (no amulet)
HPRegen  0.06/turn              (no ring)
MPRegen  0.07/turn              (no ring)

@: no status effects
A: large, rugged brown scales 3, see invisible, deformed body, roll, armoured
tail
a: Rolling Charge, Renounce Religion


You were on level 5 of the Dungeon.
You worshipped Fedhas.
Fedhas was noncommittal.
You visited 1 branch of the dungeon, and saw 1 of its levels.

Inventory:

Hand Weapons
 a - a +0 mace (weapon)
Armour
 b - a +0 leather armour (worn)
Wands
 v - a wand of digging (3)
Scrolls
 c - a scroll of fog
 d - a scroll of magic mapping
 e - a scroll of fear
Potions
 f - a potion of haste {@q3}
 g - a potion of brilliance {unknown}


   Skills:
 + Level 3.1 Fighting
 + Level 2.1 Maces & Flails
 + Level 1.7 Dodging
 + Level 3.4 Stealth


You couldn't memorise any spells.
You didn't know any spells.
Your spell library was empty.

Dungeon Overview and Level Annotations

Branches:
Dungeon (5/15)
 Temple: D:4-7

Altars:
Fedhas


Innate Abilities, Weirdness & Mutations

You are completely covered in rugged brown scales. (AC +3, +7% HP)
You have supernaturally acute eyesight. (SInv)
Armour fits poorly on your strangely shaped body.
You can roll at foes to attack.
You have a long armoured tail.


Message History

The rat bites you.
You hit the rat.
You kill the rat!
Fedhas accepts your kill.
A rat comes into view.
You sock the rat!
You kill the rat!
Fedhas accepts your kill.
No target in view!
No target in view!
No target in view!
A rat comes into view. 2 rats and a river rat come into view.
The rat moves out of view.
You hit the rat. The rat bites you. The rat misses you.
You hit the rat.
You kill the rat!
Fedhas accepts your kill. The rat bites you but does no damage.
You hit the rat.
Your tail-slap misses the rat.
The rat barely misses you.
You hit the rat.
You kill the rat!
Fedhas accepts your kill.
A rat comes into view.
You hit the rat.
You kill the rat!
Fedhas accepts your kill.
You barely miss the river rat. The river rat closely misses you.
You completely miss the river rat. The river rat closely misses you.
You sock the river rat!
You tail-slap the river rat, but do no damage.
The river rat bites you. x2
Your leather armour prevents you from hitting the river rat.
You tail-slap the river rat. The river rat bites you.
* * * LOW HITPOINT WARNING * * *
You are too injured to fight recklessly!
You are too injured to fight recklessly!
You are too injured to fight recklessly!
You are too injured to fight recklessly!
You are too injured to fight recklessly!
You closely miss the river rat. The river rat barely misses you.
You hit the river rat but do no damage.
You tail-slap the river rat, but do no damage.
The river rat bites you.
* * * LOW HITPOINT WARNING * * *
You closely miss the river rat. The river rat bites you.
* * * LOW HITPOINT WARNING * * *
The river rat bites you!
You die...
Fedhas appreciates your contribution to the ecosystem.

#...... ###......
#........
#.#######.#......
#.............##.
#####.###.##.###.
###########..#........
###.......#
#..####.###.
####..##..@#...##.##
.# #. #.#.#######r#
##.# #. ##.## r..
##.## #. #.###
#..##.### ## ##..##
...##..## ###.##
.######.# ##.#####
######.##
##..#†###.#...##
###.#...#.####


You could see a river rat and a rat.

Vanquished Creatures
  11 rats (D:5)
11 creatures vanquished.

Notes
Turn   | Place    | Note
-------+----------+-------------------------------------------
     0 | D:5      | Brandom the Palentonga Delver began the quest for the Orb.
     0 | D:5      | Reached XP level 1. HP: 20/20 MP: 1/1
    20 | D:5      | Became a worshipper of Fedhas Madash
   108 | D:5      | Slain by a river rat

Illustrated notes

Levels and vault maps discovered:
D:5:      wander_guarded_unrand_ratskin, layout_basic, fedhas_altar_2,
          chequers_garden, minmay_manual_mares, uniq_menkaure, uniq_duvessa,
          uniq_prince_ribbit1

Action                   || total
-------------------------++-------
Melee: Mace              ||    25
       Tailslap          ||     4
 Stab: Sleeping          ||     2
Armor: Leather armour    ||     4
Dodge: Dodged            ||    14

Table legend: (Time is in decaauts)
 A = Elapsed time spent in this place.
 B = Non-inter-level travel time spent in this place.
 C = Inter-level travel time spent in this place.
 D = Time resting spent in this place.
 E = Time spent auto-exploring this place.
 F = Levels seen in this place.
 G = Mean time per level.
                   A        B        C        D        E       F      G
               +--------+--------+--------+--------+--------+-----+--------+
         Total |    117 |    117 |      0 |      0 |     45 |   1 |  117.0 |
       Dungeon |    117 |    117 |      0 |      0 |     45 |   1 |  117.0 |
               +--------+--------+--------+--------+--------+-----+--------+

Top non-repeatable levels by time:
     D:5: 117 daAuts
